 Dungeon Crawl Stone Soup version 0.22-a0-619-ga0c6fd2 (webtiles) character file.

220942 magipi the Transcendent (level 18, -2/139 (140) HPs)
             Began as a Gnoll Ice Elementalist on July 12, 2018.
             Was a High Priest of Ru.
             Slain by a small abomination (15 damage)
             ... on level 3 of the Abyss on July 14, 2018.
             The game lasted 04:08:53 (50339 turns).

magipi the Transcendent (Gnoll Ice Elementalist)   Turns: 50339, Time: 04:08:54

HP:   -2/139 (140)  AC: 18    Str: 17    XL:     18   Next: 70%
MP:   31/31         EV: 23    Int: 18    God:    Ru [*****.]
Gold: 537           SH:  0    Dex: 23    Spells: 15/43 levels left

rFire    + . .     SeeInvis +   b - +6 demon trident (drain)
rCold    + . .     Gourm    .   (no shield)
rNeg     + . .     Faith    +   k - +3 leather armour "Fowip" {rElec MR+ rCorr}
rPois    +         Spirit   .   G - +2 helmet of the Gate {Str+5 Int-3 Dex+2}
rElec    +         Reflect  .   E - +2 ratskin cloak {+Rats rPois rN+ Str-1 Int-1 Dex+1}
rCorr    +         Harm     .   f - +2 pair of gloves {Dex+3}
MR       ++...                  L - +2 pair of boots
Stlth    +++++.....             T - amulet of Wiow {Faith *Drain rPois rF+}
HPRegen  0.33/turn              c - ring of protection from cold
MPRegen  0.22/turn              i - ring of see invisible

@: lethally poisoned (-2 -> -17), slowed, drained, very slow
A: distributed training, fangs 1, low mp 1, inability to train armour, disrupted
magic 1, inexperienced 1, strong nose
}: 2/15 runes: decaying, gossamer
a: Draw Out Power, Power Leap, Apocalypse, Renounce Religion, Evoke Ratskin


You were on level 3 of the Abyss.
You worshipped Ru.
Ru was extremely pleased with you.
You were hungry.

You visited 6 branches of the dungeon, and saw 34 of its levels.
You visited the Abyss 1 time.
You visited 1 bazaar.
You also visited: Ice Cave.

You collected 3600 gold pieces.
You spent 3063 gold pieces at shops.

Inventory:

Hand Weapons
 a - a +2 dagger of draining
   (You took it off Maurice on level 10 of the Dungeon)
 b - a +6 demon trident of draining (weapon)
   (You took it off Louise on level 15 of the Dungeon)
 w - a +4 arbalest of freezing
   (You found it on level 2 of the Lair of Beasts)
 V - the +8 long sword of Change {slice, +Inv Str+7 Int-2 Dex+3}
   (You bought it in a shop on level 2 of the Orcish Mines)

   It inflicts extra damage upon your enemies.
   It affects your strength (+7).
   It affects your intelligence (-2).
   It affects your dexterity (+3).
   It lets you turn invisible.
Missiles
 S - 219 bolts
Armour
 f - a +2 pair of gloves of dexterity (worn)
   (You bought it in a shop in a bazaar)
 k - the +3 leather armour "Fowip" (worn) {rElec MR+ rCorr}
   (You found it on level 6 of the Lair of Beasts)

   It insulates you from electricity.
   It affects your resistance to hostile enchantments.
   It provides partial protection from all sources of acid and corrosion.
 E - the +2 ratskin cloak (worn) {+Rats rPois rN+ Str-1 Int-1 Dex+1}
   (You found it on level 6 of the Lair of Beasts)

   It affects your strength (-1).
   It affects your intelligence (-1).
   It affects your dexterity (+1).
   It protects you from poison.
   It protects you from negative energy.
 G - the +2 helmet of the Gate (worn) {Str+5 Int-3 Dex+2}
   (You found it on level 2 of the Swamp)

   It affects your strength (+5).
   It affects your intelligence (-3).
   It affects your dexterity (+2).
 L - a +2 pair of boots (worn)
   (You bought it in a shop on level 2 of the Orcish Mines)
Jewellery
 c - a ring of protection from cold (left hand)
   (You bought it in a shop on level 2 of the Orcish Mines)
 i - a ring of see invisible (right hand)
   (You found it on level 9 of the Dungeon)
 z - an uncursed ring of wizardry
   (You found it on level 3 of the Dungeon)
 B - an uncursed ring of flight
   (You found it on level 1 of the Spider Nest)
 T - the amulet of Wiow (around neck) {Faith *Drain rPois rF+}
   (You took it off an orc on level 6 of the Dungeon)

   [amulet of faith]

   It allows you to gain divine favour quickly.
   It protects you from fire.
   It protects you from poison.
   It causes draining when unequipped.
Wands
 h - a wand of acid (10)
   (You bought it in a shop on level 2 of the Orcish Mines)
 t - a wand of clouds (1)
   (You found it on level 1 of the Swamp)
 v - a wand of digging (14)
   (You bought it in a shop on level 13 of the Dungeon)
 y - a wand of polymorph (65)
   (You found it on level 5 of the Dungeon)
 F - a wand of paralysis (16)
   (You found it on level 9 of the Dungeon)
Scrolls
 d - a scroll of brand weapon
 j - 4 scrolls of identify
 l - 19 scrolls of remove curse
 q - 8 scrolls of teleportation
 A - 6 scrolls of enchant armour
 H - 4 scrolls of fog
 I - 3 scrolls of blinking
 N - 7 scrolls of fear
 R - 2 scrolls of silence
Potions
 e - 2 potions of heal wounds
 g - 3 potions of ambrosia
 m - 3 potions of agility
 n - 5 potions of haste
 o - 4 potions of mutation
 p - 4 potions of resistance
 r - 2 potions of magic
 s - a potion of flight
 D - 8 potions of brilliance
 J - 17 potions of curing
 K - a potion of cancellation
 M - 2 potions of lignification
 O - a potion of berserk rage
Comestibles
 x - 51 rations


   Skills:
 + Level 12.1(11.6) Fighting
 + Level 12.1(11.6) Short Blades
 + Level 12.1(11.6) Long Blades
 + Level 12.1(11.6) Axes
 + Level 12.1(11.6) Maces & Flails
 + Level 12.1(11.6) Polearms
 + Level 12.1(11.6) Staves
 + Level 12.1(11.6) Slings
 + Level 12.1(11.6) Bows
 + Level 12.1(11.6) Crossbows
 + Level 12.1(11.6) Throwing
   Level 0.0 Armour
 + Level 12.9(12.3) Dodging
 + Level 12.7(12.2) Stealth
 + Level 12.1(11.6) Shields
 + Level 12.1(11.6) Unarmed Combat
 + Level 13.0(12.5) Spellcasting
 + Level 10.6(10.1) Conjurations
 + Level 10.4(9.9) Hexes
 + Level 10.4(9.9) Charms
 + Level 10.4(9.9) Summonings
 + Level 10.4(9.9) Necromancy
 + Level 10.4(9.9) Translocations
 + Level 10.4(9.9) Transmutations
 + Level 10.4(9.9) Fire Magic
 + Level 11.6(11.1) Ice Magic
 + Level 10.4(9.9) Air Magic
 + Level 10.4(9.9) Earth Magic
 + Level 10.4(9.9) Poison Magic
 + Level 13.1(12.6) Invocations
 + Level 12.1(11.6) Evocations


You had 15 spell levels left.
You knew the following spells:

 Your Spells              Type           Power        Failure   Level  Hunger
a - Apportation           Tloc           #####.       1%          1    None
b - Blink                 Tloc           N/A          1%          2    None
c - Conjure Flame         Conj/Fire      #####...     1%          3    None
e - Animate Skeleton      Necr           N/A          1%          1    None
f - Freeze                Ice            ####         1%          1    None
i - Summon Ice Beast      Ice/Summ       #####...     2%          4    ##.....
l - Summon Lightning Spi  Summ/Air       #####...     2%          4    ##.....
m - Deflect Missiles      Chrm/Air       #####.....   28%         6    ######.
o - Ozocubu's Armour      Chrm/Ice       #####...     1%          3    None
p - Portal Projectile     Hex/Tloc       #####.       1%          3    None

Your spell library contained the following spells:

 Spells                   Type           Power        Failure   Level  Hunger
 Cause Fear               Hex            #####.....   2%          4    ##.....
 Magic Dart               Conj           ####         1%          1    None
 Bolt of Magma            Conj/Fire/Erth #####.....   6%          5    ####...
 Slow                     Hex            #####...     1%          2    None
 Confuse                  Hex            #####...     1%          3    None
 Throw Frost              Conj/Ice       #####.       1%          2    None
 Mephitic Cloud           Conj/Pois/Air  #####...     1%          3    None
 Venom Bolt               Conj/Pois      #####.....   5%          5    ####...
 Teleport Other           Tloc           #####...     1%          3    None
 Summon Small Mammal      Summ           ####         1%          1    None
 Call Imp                 Summ           #####...     1%          2    None
 Tukima's Dance           Hex            #####...     1%          3    None
 Summon Demon             Summ           #####.....   6%          5    ####...
 Iron Shot                Conj/Erth      #####.....   26%         6    ######.
 Stone Arrow              Conj/Erth      #####.       1%          3    None
 Recall                   Summ/Tloc      N/A          1%          3    None
 Blade Hands              Tmut           #####.....   6%          5    ####...
 Throw Icicle             Conj/Ice       #####...     1%          4    ##.....
 Confusing Touch          Hex            #####.       1%          1    None
 Flame Tongue             Conj/Fire      #####        1%          1    None
 Passwall                 Tmut/Erth      #####...     1%          2    None
 Call Canine Familiar     Summ           #####...     1%          3    None
 Ensorcelled Hibernation  Hex/Ice        #####.       1%          2    None
 Silence                  Hex/Air        #####.....   6%          5    ####...
 Corona                   Hex            #####..      1%          1    None
 Lee's Rapid Deconstruct  Erth           #####.....   6%          5    ####...
 Sandblast                Erth           #####.       1%          1    None
 Simulacrum               Ice/Necr       #####.....   22%         6    ######.
 Excruciating Wounds      Chrm/Necr      #####.....   6%          5    ####...
 Petrify                  Tmut/Erth      #####...     2%          4    ##.....
 Passage of Golubria      Tloc           N/A          2%          4    ##.....
 Orb of Destruction       Conj           #####.....   77%         7    #######
 Leda's Liquefaction      Hex/Erth       #####.....   2%          4    ##.....
 Inner Flame              Hex/Fire       #####...     1%          3    None
 Beastly Appendage        Tmut           #####.       1%          1    None
 Iskenderun's Battlesphe  Conj/Chrm      #####...     5%          5    ####...
 Dazzling Spray           Conj/Hex       #####.       1%          3    None
 Force Lance              Conj/Tloc      #####...     2%          4    ##.....
 Infusion                 Chrm           ####         1%          1    None
 Discord                  Hex            #####.....   100%        8    #######
 Summon Guardian Golem    Hex/Summ       #####...     1%          3    None
 Dragon's Call            Summ           #####.....   100%        9    #######
 Spellforged Servitor     Conj/Summ      #####.....   78%         7    #######
 Yara's Violent Unravell  Hex/Tmut       #####.....   6%          5    ####...
 Lesser Beckoning         Tloc           #####.....   1%          3    None


Dungeon Overview and Level Annotations

Branches:
Dungeon (15/15)            Temple (0/1) D:4            Lair (6/6) D:9
  Swamp (4/4) Lair:2       Spider (4/4) Lair:3        Slime (0/5) Lair:6
    Orc (2/2) D:9             Elf (3/3) Orc:2        Vaults (0/5) D:13
 Depths (0/5) D:15

Altars:
Ashenzari
Elyvilon
Kikubaaqudgha
Okawaru
Qazlal
Ru
Trog
Vehumet
Wu Jian
Xom
Beogh
Jiyva

Shops:
D:5 =   D:10 ?   D:13 *   Orc:2 *(=[   Elf:3 (![

Portals:
Trove: D:11 (show slimy rune of Zot)

Annotations:
D:10 2 transporters, Amnesiac's ghost, journeyman SpEE
Lair:6 2 runed doors
Spider:1 2 runed doors, digijack's ghost, journeyman GrFi
Spider:2 exclusion: Roxanne, Roxanne
Elf:2 3 runed doors


Innate Abilities, Weirdness & Mutations

Your experience applies equally to all skills.
You have very sharp teeth.
Your magical capacity is low. (-10% MP)
You cannot train Armour skill.
Your casting is slightly disrupted.
You are somewhat inexperienced. (-2 XL)
Your uncanny sense of smell can sniff out nearby items.


Message History

The starcursed mass shudders and is absorbed by its neighbour.
Unknown command.
You are restored by drawing out deep reserves of power within.
You feel drained.
A starcursed mass splits.
You puncture the starcursed mass!
The starcursed mass is moderately damaged.
The starcursed mass shudders and is absorbed by its neighbour.
A starcursed mass splits.
Unknown command.
You hit the starcursed mass.
The starcursed mass is moderately damaged.
The starcursed mass shudders and is absorbed by its neighbour.
The starcursed mass closely misses you.
You hit the starcursed mass but do no damage.
You bite the starcursed mass, but do no damage.
The starcursed mass is moderately damaged.
A starcursed mass splits.
A chorus of shrieks assaults your mind.
The kraken begins to attack, but is stunned by your will!
You puncture the starcursed mass!
The starcursed mass is heavily damaged.
The starcursed mass shudders and is absorbed by its neighbour.
A yaktaur comes into view.
The kraken begins to attack, but is stunned by your will!
You hit the starcursed mass.
The starcursed mass is heavily damaged.
A starcursed mass splits.
Tentacles burst out of the water! 3 tentacles come into view.
You hit the starcursed mass.
The starcursed mass is heavily damaged.
The starcursed mass shudders and is absorbed by its neighbour.
The starcursed mass shrieks in your mind.
You hit the starcursed mass but do no damage.
The starcursed mass is moderately damaged.
A starcursed mass splits.
You completely miss the starcursed mass.
You bite the starcursed mass.
The starcursed mass is heavily damaged.
The starcursed mass shudders and is absorbed by its neighbour.
You feel less exhausted.
A death drake comes into view.
The death drake breathes miasma at you.
The foul vapour engulfs the starcursed mass.
The starcursed mass completely resists.
The starcursed mass shrieks in your mind.
The death drake moves out of view.
You impale the starcursed mass!!
The starcursed mass is heavily damaged.
You are engulfed in dark miasma.
You feel your flesh rotting away!
You feel ill.
* * * LOW HITPOINT WARNING * * *
The starcursed mass closely misses you.
You are engulfed in dark miasma.
You feel your flesh rotting away!
You feel yourself slow down.
* * * LOW HITPOINT WARNING * * *
The small abomination misses you.
Unknown command.
You puncture the starcursed mass!
The starcursed mass is heavily damaged.
You redirect the starcursed mass's attack!
The starcursed mass engulfs itself but does no damage.
The death drake breathes miasma at you.
The foul vapour engulfs the starcursed mass.
The starcursed mass completely resists.
The small abomination misses you.
The starcursed mass shrieks in your mind.
* * * LOW HITPOINT WARNING * * *
You feel much better.
You are engulfed in dark miasma.
You are poisoned.
You feel your flesh rotting away!
* * * LOW HITPOINT WARNING * * *
You feel very sick. The small abomination misses you.
The starcursed mass shrieks in your mind.
* * * LOW HITPOINT WARNING * * *
You focus your will and illuminate the starcursed mass in retribution!
The small abomination hits you but does no damage.
Unknown command.
You feel better.
You are engulfed in dark miasma.
The starcursed mass shrieks in your mind.
* * * LOW HITPOINT WARNING * * *
The small abomination completely misses you.
Unknown command.
You puncture the starcursed mass!
You bite the starcursed mass, but do no damage.
The starcursed mass is heavily damaged.
The small abomination misses you. The death drake breathes miasma at you.
The foul vapour engulfs the starcursed mass.
The starcursed mass completely resists.
The small abomination closely misses you.
The starcursed mass shrieks in your mind.
* * * LOW HITPOINT WARNING * * *
You are engulfed in dark miasma.
You are poisoned.
You feel your flesh rotting away!
* * * LOW HITPOINT WARNING * * *
* * * LOW HITPOINT WARNING * * *
You feel very sick. The small abomination hits you!
You die...

. ≈≈≈≈≈ #≈≈≈≈ ≈
# ..∩. 5 #
##..# # # ..
#..§#### ## ...
#..
###k#§#....# #
. #.####X#§k§.
# #..
#.)#§##§§§....#
. . .#@x#####.
... . .#§.# ∆
##. # # ###..#
. .. ##..# .. .
### . .. ∆ ..


You could see a starcursed mass, a death drake and a small abomination.

Vanquished Creatures
  A deep elf blademaster (Elf:3)
  An orc warlord (Orc:2)
  2 ghost moths
  Aizul (Swamp:2)
  Louise (D:15)
  2 deep elf sorcerers (Elf:3)
  5 emperor scorpions
  A deep elf elementalist (Elf:3)
  3 entropy weavers
  A deep elf demonologist (Elf:1)
  Nessos (Lair:6)
  A deep elf annihilator (Elf:3)
  A red draconian (Abyss:3)
  An ettin (Orc:2)
  A fire dragon (Lair:6)
  Fannar (Orc:2)
  A deep elf high priest (Elf:3)
  A rakshasa (D:15)
  10 hydras
  5 centaur warriors
  A ghost crab (Swamp:3)
  6 two-headed ogres
  15 dancing weapons
  6 alligators
  2 death yaks (Lair:6)
  A vampire mage (D:15)
  A thrashing horror (Abyss:3)
  8 deep elf knights
  A wretched star (Abyss:3)
  Nergalle (Orc:1)
  Sonja (Lair:2)
  A fire crab (Abyss:3)
  5 skeletal warriors
  3 spriggan druids (Swamp:4)
  A deep troll (D:13)
  11 deep elf archers
  8 swamp dragons
  A lindwurm (Lair:6)
  A golden dragon skeleton (D:15)
  A wolf spider zombie (D:12)
  2 necromancers
  11 orb spiders
  21 wolf spiders
  3 orc knights
  An ugly thing (D:11)
  49 deep elf magi
  A moth of wrath (Spider:4)
  6 cyclopes
  Maurice (D:10)
  A stone giant skeleton (D:15)
  3 black mambas
  3 spiny frogs
  2 centaur zombies
  A spriggan zombie (D:15)
  2 centaur skeletons
  3 ice statues (IceCv)
  3 torpor snails
  2 yaktaurs
  A rime drake (Lair:6)
  A freezing wraith (D:15)
  13 ice devils
  5 komodo dragons
  A guardian mummy (D:15)
  7 trolls
  5 demonic crawlers
  28 jumping spiders
  5 bog bodies
  8 hippogriffs
  15 hornets
  8 tyrant leeches
  A raiju (shapeshifter) (D:13)
  32 slime creatures
  A harpy skeleton (D:14)
  An ice dragon zombie (D:15)
  A large abomination (Abyss:3)
  2 shadows
  4 spriggans
  3 air elementals
  A wyvern (D:9)
  53 redbacks
  4 water elementals
  A ynoxinul (Abyss:3)
  2 basilisks
  4 fire elementals
  19 tarantellas
  15 yaks
  A golden eye (shapeshifter) (D:15)
  3 hungry ghosts
  10 vampire mosquitoes
  A steam dragon (D:9)
  A warg (shapeshifter) (Elf:3)
  2 wargs (Orc:1)
  5 insubstantial wisps (Swamp:4)
  8 swamp worms
  3 acid dragons
  6 water moccasins
  5 porcupines
  22 orc warriors
  9 swamp drakes
  4 sky beasts
  A black bear (D:12)
  A phantom (D:13)
  2 ice beasts
  2 necrophages
  17 centaurs
  An eye of draining (D:9)
  5 ogres
  6 wolves
  8 crocodiles
  A gnoll sergeant (D:12)
  10 bullfrogs
  3 scorpions
  7 killer bees (D:13)
  2 vampire bats (Lair:6)
  8 wights
  3 electric eels
  2 crimson imps
  A draconian simulacrum (IceCv)
  3 jellies
  8 hounds
  16 orc priests
  17 orc wizards
  2 bullfrog skeletons (D:6)
  3 iguanas
  A spriggan simulacrum (IceCv)
  8 worker ants
  2 troll simulacra (IceCv)
  A killer bee zombie (D:9)
  2 centaur simulacra (IceCv)
  2 hound zombies (D:10)
  12 gnolls
  4 naga simulacra (IceCv)
  12 adders
  3 shadow imps
  A worker ant simulacrum (D:11)
  An ooze (D:6)
  An adder zombie (D:7)
  4 worms
  2 dart slugs
  6 leopard geckos
  70 orcs
  14 giant cockroaches
  5 goblins
  8 hobgoblins
  4 jackals
  4 quokkas
  2 ball pythons
  13 bats
  4 frilled lizards
  7 kobolds
  A quokka skeleton (D:4)
  A quokka zombie (D:9)
  12 rats
888 creatures vanquished.

Vanquished Creatures (collateral kills)
  Donald (Swamp:2)
  2 thorn hunters
  A deep elf sorcerer (Elf:3)
  2 emperor scorpions
  An entropy weaver (Spider:4)
  2 deep elf demonologists
  A deep elf death mage (Elf:3)
  A yaktaur captain (D:15)
  6 hydras
  An ice dragon (D:13)
  5 alligators
  4 two-headed ogres
  2 death yaks (Lair:6)
  An orc high priest (Orc:2)
  A deep elf knight (Elf:2)
  2 skeletal warriors (D:12)
  2 wizards
  2 swamp dragons
  A deep elf archer (Elf:1)
  An orc knight (Orc:2)
  4 orb spiders (Spider:4)
  5 deep elf magi
  2 wolf spiders (Spider:1)
  2 orc sorcerers
  A cyclops (D:15)
  A black mamba (Lair:2)
  3 torpor snails (Lair:6)
  3 spiny frogs
  4 komodo dragons
  A rime drake (Lair:6)
  A jumping spider (Spider:1)
  4 trolls
  A bog body (Swamp:4)
  2 hornets
  7 slime creatures
  4 tyrant leeches
  2 hippogriffs
  A meliai zombie (D:14)
  6 dream sheep (Lair:4)
  A large abomination (Abyss:3)
  3 redbacks
  2 spriggans
  A shadow (Swamp:4)
  A water elemental (D:11)
  2 yaks
  A fire elemental (Elf:1)
  2 basilisks
  2 steam dragons (Lair:6)
  8 vampire mosquitoes
  Grum (D:9)
  Menkaure (D:4)
  Edmund (D:4)
  7 swamp worms
  9 orc warriors
  A porcupine (Lair:3)
  2 sky beasts
  4 ogres
  2 swamp drakes
  3 phantoms
  2 wolves
  2 centaurs
  6 crocodiles
  2 bullfrogs
  A scorpion (D:13)
  A killer bee (D:13)
  A vampire bat (Lair:6)
  2 crimson imps
  2 quasits (D:7)
  3 orc priests
  A hound (D:9)
  A bullfrog skeleton (D:4)
  5 orc wizards
  4 worker ants
  An adder skeleton (D:9)
  2 worms (Lair:3)
  16 orcs
  3 giant cockroaches
  2 bats (Lair:6)
  4 plants (Lair:6)
208 creatures vanquished.

Vanquished Creatures (others)
  Nikola (Swamp:3)
  A deep elf high priest (Elf:3)
  A hydra (Swamp:4)
  2 dancing weapons
  5 deep elf magi
  A wolf spider (Spider:1)
  A manticore (D:11)
  2 spiny frogs
  2 tyrant leeches
  2 redbacks (Spider:4)
  2 swamp worms
  A swamp drake (Swamp:3)
  An ogre (Orc:1)
  An earth elemental (Elf:3)
  An orc wizard (D:13)
  An iguana (D:9)
  An orc (Orc:1)
  5 briar patches
  A fungus (Lair:6)
  8 plants
  9 tentacles (Abyss:3)
  4 withered plants (D:15)
53 creatures vanquished.

Grand Total: 1149 creatures vanquished

Notes
Turn   | Place    | Note
-------+----------+-------------------------------------------
     0 | D:1      | magipi the Gnoll Ice Elementalist began the quest for the Orb.
     0 | D:1      | Reached XP level 1. HP: 13/13 MP: 6/6
    61 | D:1      | Reached XP level 2. HP: 19/19 MP: 3/7
   527 | D:1      | Reached XP level 3. HP: 25/25 MP: 9/9
   871 | D:2      | Reached skill level 5 in Spellcasting
   917 | D:2      | Learned a level 3 spell: Ozocubu's Armour
  1302 | D:2      | Reached skill level 1 in Invocations
  1473 | D:2      | Reached skill level 1 in Fighting
  1473 | D:2      | Reached skill level 1 in Short Blades
  1473 | D:2      | Reached skill level 1 in Long Blades
  1473 | D:2      | Reached skill level 1 in Axes
  1473 | D:2      | Reached skill level 1 in Maces & Flails
  1473 | D:2      | Reached skill level 1 in Polearms
  1473 | D:2      | Reached skill level 1 in Staves
  1473 | D:2      | Reached skill level 1 in Slings
  1473 | D:2      | Reached skill level 1 in Bows
  1473 | D:2      | Reached skill level 1 in Crossbows
  1473 | D:2      | Reached skill level 1 in Throwing
  1473 | D:2      | Reached skill level 1 in Armour
  1473 | D:2      | Reached skill level 1 in Shields
  1473 | D:2      | Reached skill level 1 in Unarmed Combat
  1473 | D:2      | Reached skill level 1 in Evocations
  1605 | D:2      | Reached XP level 4. HP: 31/32 MP: 9/11
  1746 | D:2      | Reached skill level 1 in Hexes
  1746 | D:2      | Reached skill level 1 in Charms
  1746 | D:2      | Reached skill level 1 in Summonings
  1746 | D:2      | Reached skill level 1 in Necromancy
  1746 | D:2      | Reached skill level 1 in Translocations
  1746 | D:2      | Reached skill level 1 in Transmutations
  1746 | D:2      | Reached skill level 1 in Fire Magic
  1746 | D:2      | Reached skill level 1 in Air Magic
  1746 | D:2      | Reached skill level 1 in Earth Magic
  1746 | D:2      | Reached skill level 1 in Poison Magic
  2325 | D:3      | Reached XP level 5. HP: 37/37 MP: 12/12
  2998 | D:4      | Noticed a two-headed ogre
  3047 | D:4      | Learned a level 4 spell: Summon Ice Beast
  3125 | D:4      | Found a staircase to the Ecumenical Temple.
  3210 | D:4      | Noticed Edmund
  3248 | D:4      | Killed Edmund
  3248 | D:4      | Reached XP level 6. HP: 41/44 MP: 3/13
  3545 | D:4      | Noticed a phantom
  3701 | D:4      | Reached skill level 5 in Dodging
  3796 | D:4      | Killed a phantom
  4003 | D:5      | Entered Level 5 of the Dungeon
  4058 | D:5      | Reached XP level 7. HP: 36/50 MP: 15/15
  4197 | D:5      | Identified the Grimoire of Heresy
  4746 | D:5      | Found Uteok's Jewellery Boutique.
  4752 | D:5      | Found the +3 robe of Clouds {+Fly rElec}
  4896 | D:6      | Found an ancient bone altar of Kikubaaqudgha.
  4902 | D:6      | Found a stormy altar of Qazlal.
  4902 | D:6      | Found a radiant altar of Vehumet.
  4902 | D:6      | Found a bloodstained altar of Trog.
  4903 | D:6      | Found a sacrificial altar of Ru.
  4905 | D:6      | Found a shattered altar of Ashenzari.
  4906 | D:6      | Found an ornate altar of the Wu Jian Council.
  5029 | D:6      | Became a worshipper of Ru the Awakened
  5241 | D:6      | Found a shimmering altar of Xom.
  5426 | D:4      | Noticed Menkaure
  5433 | D:4      | Killed Menkaure
  5433 | D:4      | Reached skill level 5 in Stealth
  5473 | D:4      | Killed a two-headed ogre
  5473 | D:4      | Reached XP level 8. HP: 51/58 MP: 0/16
  5754 | D:6      | Got a smoking jade amulet
  6791 | D:7      | Identified the amulet of Wiow {Faith *Drain rPois rF+} (You took it off an orc on level 6 of the Dungeon)
  6818 | D:7      | Noticed a hippogriff
  6831 | D:7      | Killed a hippogriff
  6831 | D:7      | Reached XP level 9. HP: 55/65 MP: 13/18
  6837 | D:7      | Gained mutation: You are somewhat inexperienced. (-2 XL) [Ru sacrifice]
  6837 | D:7      | Reached XP level 8. HP: 56/60 MP: 14/17
  6837 | D:7      | Reached XP level 7. HP: 53/53 MP: 14/16
  6837 | D:7      | Reached * piety under Ru
  6837 | D:7      | Reached ** piety under Ru
  7196 | D:7      | Noticed a hippogriff
  7207 | D:7      | Killed a hippogriff
  7207 | D:7      | Reached XP level 8. HP: 45/60 MP: 3/17
  7544 | D:8      | Got a scorched falchion
  7703 | D:8      | Identified the cursed +0 falchion "Duit Bouzune" {flame, rPois} (You found it on level 8 of the Dungeon)
  8164 | D:8      | Noticed a spriggan baker
  8167 | D:8      | Killed a spriggan baker
  8484 | D:9      | Found a staircase to the Orcish Mines.
  8494 | D:9      | Reached skill level 5 in Invocations
  8509 | D:9      | Reached XP level 9. HP: 44/66 MP: 14/19
  8936 | D:9      | Noticed a troll
  8946 | D:9      | Killed a troll
  9175 | D:9      | Found a white marble altar of Elyvilon.
  9270 | D:9      | Noticed Grum
  9305 | D:9      | Killed Grum
  9650 | D:9      | Reached skill level 5 in Fighting
  9650 | D:9      | Reached skill level 5 in Short Blades
  9650 | D:9      | Reached skill level 5 in Long Blades
  9650 | D:9      | Reached skill level 5 in Axes
  9650 | D:9      | Reached skill level 5 in Maces & Flails
  9650 | D:9      | Reached skill level 5 in Polearms
  9650 | D:9      | Reached skill level 5 in Staves
  9650 | D:9      | Reached skill level 5 in Slings
  9650 | D:9      | Reached skill level 5 in Bows
  9650 | D:9      | Reached skill level 5 in Crossbows
  9650 | D:9      | Reached skill level 5 in Throwing
  9650 | D:9      | Reached skill level 5 in Armour
  9650 | D:9      | Reached skill level 5 in Shields
  9650 | D:9      | Reached skill level 5 in Unarmed Combat
  9650 | D:9      | Reached skill level 5 in Evocations
  9651 | D:9      | Noticed a komodo dragon
  9664 | D:9      | Killed a komodo dragon
  9707 | D:9      | Found a staircase to the Lair.
  9712 | D:9      | Noticed a komodo dragon
  9736 | D:9      | Killed a komodo dragon
  9736 | D:9      | Reached XP level 10. HP: 56/74 MP: 3/20
 10018 | D:10     | Entered Level 10 of the Dungeon
 10043 | D:10     | Found a transporter.
 10043 | D:10     | Noticed Amnesiac's ghost (journeyman SpEE)
 10045 | D:10     | Noticed a two-headed ogre
 10048 | D:10     | Noticed a two-headed ogre
 10072 | D:10     | Killed a two-headed ogre
 10118 | D:10     | Noticed Maurice
 10128 | D:10     | Killed Maurice
 10128 | D:10     | Reached skill level 5 in Conjurations
 10165 | D:10     | Found a transporter.
 10187 | D:10     | Killed a two-headed ogre
 10434 | D:10     | Found Udwair's Magic Scroll Emporium.
 10449 | D:10     | Bought a scroll of blinking for 90 gold pieces
 10449 | D:10     | Bought a scroll of identify for 24 gold pieces
 10449 | D:10     | Bought a scroll of enchant weapon for 90 gold pieces
 10613 | D:11     | Noticed a two-headed ogre
 10613 | D:11     | Noticed a wolf spider
 10615 | D:11     | Noticed a two-headed ogre
 10616 | D:11     | Found the +6 shillelagh "Devastator" {shatter}
 10737 | Lair:1   | Entered Level 1 of the Lair of Beasts
 10769 | Lair:1   | Gained mutation: Your magical capacity is low. (-10% MP) [Ru sacrifice]
 10829 | Lair:1   | Learned a level 2 spell: Blink
 10841 | Lair:1   | Learned a level 3 spell: Conjure Flame
 10993 | Lair:1   | Noticed a spiny frog
 11002 | Lair:1   | Killed a spiny frog
 11134 | Lair:1   | Noticed a spiny frog
 11149 | Lair:1   | Killed a spiny frog
 11365 | Lair:1   | Noticed a black mamba
 11372 | Lair:1   | Killed a black mamba
 11531 | Lair:2   | Reached XP level 11. HP: 81/81 MP: 11/20
 11559 | Lair:2   | Reached skill level 5 in Hexes
 11559 | Lair:2   | Reached skill level 5 in Charms
 11559 | Lair:2   | Reached skill level 5 in Summonings
 11559 | Lair:2   | Reached skill level 5 in Necromancy
 11559 | Lair:2   | Reached skill level 5 in Translocations
 11559 | Lair:2   | Reached skill level 5 in Transmutations
 11559 | Lair:2   | Reached skill level 5 in Fire Magic
 11559 | Lair:2   | Reached skill level 5 in Air Magic
 11559 | Lair:2   | Reached skill level 5 in Earth Magic
 11559 | Lair:2   | Reached skill level 5 in Poison Magic
 11610 | Lair:2   | Noticed an eight-headed hydra
 11625 | Lair:2   | Killed an eight-headed hydra
 11629 | Lair:2   | Noticed Sonja
 11649 | Lair:2   | Killed Sonja
 11772 | Lair:2   | Found a staircase to the Swamp.
 12293 | Lair:3   | Learned a level 1 spell: Apportation
 12295 | Lair:3   | Learned a level 1 spell: Animate Skeleton
 12301 | Lair:3   | Found a shimmering altar of Xom.
 12658 | Lair:3   | Found a hole to the Spider Nest.
 13405 | Lair:4   | Gained mutation: You cannot train Armour skill. [Ru sacrifice]
 13405 | Lair:4   | Reached *** piety under Ru
 13405 | Lair:4   | Reached **** piety under Ru
 13886 | Lair:5   | Noticed a six-headed hydra
 13895 | Lair:5   | Killed a six-headed hydra
 14122 | Lair:6   | Entered Level 6 of the Lair of Beasts
 14338 | Lair:6   | Noticed an eight-headed hydra
 14367 | Lair:6   | Killed an eight-headed hydra
 14367 | Lair:6   | Reached XP level 12. HP: 63/89 MP: 7/22
 14543 | Lair:6   | Found a runed door.
 14560 | Lair:6   | Noticed Nessos
 14882 | Lair:6   | Killed Nessos
 15399 | Lair:6   | Found a viscous altar of Jiyva.
 15402 | Lair:6   | Noticed an acid blob
 15411 | Lair:6   | Noticed a death yak
 15419 | Lair:6   | Noticed a death yak
 15420 | Lair:6   | Noticed a death yak
 15421 | Lair:6   | Noticed a death yak
 15426 | Lair:6   | Killed a death yak
 15427 | Lair:6   | Killed a death yak
 15429 | Lair:6   | Killed a death yak
 15430 | Lair:6   | Killed a death yak
 15480 | Lair:6   | Found a staircase to the Slime Pits.
 15731 | Lair:6   | Found a runed door.
 15732 | Lair:6   | Noticed an ice dragon
 16386 | Lair:6   | Noticed a fire dragon
 16681 | Lair:6   | Killed a fire dragon
 17512 | Lair:6   | Reached XP level 13. HP: 98/98 MP: 23/23
 17554 | Lair:6   | Found the +2 ratskin cloak {+Rats rPois rN+ Str-1 Int-1 Dex+1}
 17613 | Lair:6   | Identified the +3 leather armour "Fowip" {rElec MR+ rCorr} (You found it on level 6 of the Lair of Beasts)
 17907 | Orc:1    | Entered Level 1 of the Orcish Mines
 18031 | Orc:2    | Entered Level 2 of the Orcish Mines
 18337 | Orc:2    | Gained mutation: Your casting is slightly disrupted. [Ru sacrifice]
 18337 | Orc:2    | Reached ***** piety under Ru
 18466 | Orc:1    | Noticed Fannar
 18796 | Orc:2    | Killed Fannar
 19293 | Orc:2    | Noticed an ettin
 19316 | Orc:2    | Killed an ettin
 19833 | Orc:2    | Noticed an orc warlord
 19887 | Orc:2    | Killed an orc warlord
 20419 | Orc:2    | Noticed Nergalle
 20503 | Orc:1    | Killed Nergalle
 20576 | Orc:2    | Found a roughly hewn altar of Beogh.
 20580 | Orc:2    | Found Yjui's Jewellery Emporium.
 20947 | Orc:2    | Found Hoycoc's Antique Armour Emporium.
 20955 | Orc:2    | Bought a pair of embroidered boots for 232 gold pieces
 20974 | Orc:2    | Found Ociledgh's Antique Weapon Emporium.
 20983 | Orc:2    | Bought a glowing scimitar for 196 gold pieces
 20983 | Orc:2    | Bought a steaming long sword for 238 gold pieces
 20984 | Orc:2    | Identified the +8 long sword of Change {slice, +Inv Str+7 Int-2 Dex+3} (You bought it in a shop on level 2 of the Orcish Mines)
 20994 | Orc:2    | Found Cyiru's General Store.
 21017 | Orc:2    | Bought an uncursed ring of protection from cold for 375 gold pieces
 21088 | Orc:2    | Found a staircase to the Elven Halls.
 21304 | D:11     | Identified the Volume of Torrid Dislocation
 21319 | D:11     | Identified the Handbook of Companions and Protection
 21448 | D:11     | Found a portal to a secret trove of treasure.
 21469 | D:11     | Found an iron altar of Okawaru.
 22191 | D:11     | Reached skill level 10 in Spellcasting
 22259 | D:11     | Upgraded the game from 0.22-a0-617-g6d95e9e to 0.22-a0-618-gd6a3efe
 22558 | D:12     | Found a frozen archway.
 22735 | IceCv    | Entered an ice cave
 22853 | IceCv    | Reached XP level 14. HP: 76/106 MP: 25/25
 23076 | IceCv    | Identified a scroll of acquirement
 23079 | IceCv    | Identified the +0 cloak of the Untouchables {-Tele rF++ rC+ SInv} (You acquired it in an ice cave)
 23772 | IceCv    | Reached skill level 10 in Dodging
 25333 | D:12     | Found a stormy altar of Qazlal.
 25357 | D:12     | Reached skill level 10 in Stealth
 26585 | D:13     | Found Soumpoad's Assorted Antiques.
 26860 | D:13     | Found a gate to the Vaults.
 26916 | D:13     | Reached skill level 10 in Invocations
 27011 | D:13     | Bought a scroll of teleportation for 93 gold pieces
 27011 | D:13     | Bought a tapered glass wand for 124 gold pieces
 27011 | D:13     | Bought a scroll of identify for 62 gold pieces
 28162 | D:14     | You fall through a shaft!
 28162 | D:15     | Entered Level 15 of the Dungeon
 28279 | D:15     | Noticed Louise
 28296 | D:15     | Killed Louise
 29274 | D:15     | Reached XP level 15. HP: 44/114 MP: 26/26
 29653 | D:14     | Found a shattered altar of Ashenzari.
 30343 | D:14     | Learned a level 4 spell: Summon Lightning Spire
 31546 | D:15     | Found a staircase to the Depths.
 31567 | D:15     | HP: 2/115 [yaktaur captain/bolt (6)]
 31913 | D:15     | Paralysed by a wizard for 4 turns
 32704 | Swamp:1  | Entered Level 1 of the Swamp
 32984 | Swamp:1  | Reached skill level 10 in Ice Magic
 33906 | Orc:2    | Bought a wand of acid (14) for 540 gold pieces
 33906 | Orc:2    | Bought a scroll of fear for 52 gold pieces
 33906 | Orc:2    | Bought a scroll of enchant weapon for 112 gold pieces
 34314 | Swamp:1  | Reached skill level 10 in Fighting
 34314 | Swamp:1  | Reached skill level 10 in Short Blades
 34314 | Swamp:1  | Reached skill level 10 in Long Blades
 34314 | Swamp:1  | Reached skill level 10 in Axes
 34314 | Swamp:1  | Reached skill level 10 in Maces & Flails
 34314 | Swamp:1  | Reached skill level 10 in Polearms
 34314 | Swamp:1  | Reached skill level 10 in Staves
 34314 | Swamp:1  | Reached skill level 10 in Slings
 34314 | Swamp:1  | Reached skill level 10 in Bows
 34314 | Swamp:1  | Reached skill level 10 in Crossbows
 34314 | Swamp:1  | Reached skill level 10 in Throwing
 34314 | Swamp:1  | Reached skill level 10 in Shields
 34314 | Swamp:1  | Reached skill level 10 in Unarmed Combat
 34314 | Swamp:1  | Reached skill level 10 in Evocations
 34539 | Swamp:1  | Noticed a thorn hunter
 34622 | Swamp:1  | Killed a thorn hunter
 34967 | Swamp:2  | Identified the +2 helmet of the Gate {Str+5 Int-3 Dex+2} (You found it on level 2 of the Swamp)
 34989 | Swamp:2  | Noticed Aizul
 35007 | Swamp:2  | Noticed Donald
 35019 | Swamp:2  | Killed Aizul
 35033 | Swamp:2  | Killed Donald
 35102 | Swamp:2  | Identified the +3 hand crossbow of the Foremost Cities {venom, Int+4} (You took it off a spriggan on level 2 of the Swamp)
 35142 | Swamp:2  | Learned a level 3 spell: Portal Projectile
 36484 | Swamp:3  | Reached XP level 16. HP: 121/123 MP: 28/28
 36569 | Swamp:3  | Noticed Nikola
 36596 | Swamp:3  | Killed Nikola
 36745 | Swamp:3  | Upgraded the game from 0.22-a0-618-gd6a3efe to 0.22-a0-619-ga0c6fd2
 36764 | Swamp:4  | Entered Level 4 of the Swamp
 36836 | Swamp:4  | Noticed a thorn hunter
 37454 | Swamp:4  | Killed a thorn hunter
 38198 | Swamp:4  | Got a decaying rune of Zot
 38366 | Spider:1 | Entered Level 1 of the Spider Nest
 39179 | Spider:1 | Found a large runed door.
 39179 | Spider:1 | Found a large runed door.
 39182 | Spider:1 | Noticed digijack's ghost (journeyman GrFi)
 40289 | Spider:2 | Noticed Roxanne
 40499 | Spider:2 | Found the +27 Lear's hauberk
 40789 | Spider:3 | Reached XP level 17. HP: 95/131 MP: 29/29
 41432 | Spider:4 | Entered Level 4 of the Spider Nest
 43714 | Spider:4 | Reached skill level 10 in Conjurations
 44723 | Spider:4 | Got a gossamer rune of Zot
 45122 | Elf:1    | Entered Level 1 of the Elven Halls
 45229 | Elf:1    | Found a flickering gateway to a bazaar.
 45252 | Bazaar   | Entered a bazaar
 45266 | Bazaar   | Found Riut's Antique Armour Emporium.
 45289 | Bazaar   | Found Mifia's Food Emporium.
 45306 | Bazaar   | Found Qitaus's Book Emporium.
 45322 | Bazaar   | Found Ylal's Distillery.
 45327 | Bazaar   | Bought a potion of haste for 110 gold pieces
 45327 | Bazaar   | Bought a potion of curing for 33 gold pieces
 45327 | Bazaar   | Bought 2 potions of curing for 66 gold pieces
 45327 | Bazaar   | Bought a potion of curing for 33 gold pieces
 45327 | Bazaar   | Bought a potion of invisibility for 88 gold pieces
 45327 | Bazaar   | Bought a potion of mutation for 88 gold pieces
 45327 | Bazaar   | Bought a potion of mutation for 88 gold pieces
 45397 | Bazaar   | Bought a pair of glowing gloves for 217 gold pieces
 45610 | Elf:1    | Learned a level 6 spell: Deflect Missiles
 46106 | Elf:1    | Reached skill level 10 in Hexes
 46106 | Elf:1    | Reached skill level 10 in Charms
 46106 | Elf:1    | Reached skill level 10 in Summonings
 46106 | Elf:1    | Reached skill level 10 in Necromancy
 46106 | Elf:1    | Reached skill level 10 in Translocations
 46106 | Elf:1    | Reached skill level 10 in Transmutations
 46106 | Elf:1    | Reached skill level 10 in Fire Magic
 46106 | Elf:1    | Reached skill level 10 in Air Magic
 46106 | Elf:1    | Reached skill level 10 in Earth Magic
 46106 | Elf:1    | Reached skill level 10 in Poison Magic
 46108 | Elf:1    | Identified the Grimoire of Creative Conjuration
 46146 | Elf:1    | Identified the +4 ring mail of Zytsosch {+Blink Int+4} (You found it on level 1 of the Elven Halls)
 46354 | Elf:2    | Noticed a Tzitzimitl
 46634 | Elf:2    | Reached XP level 18. HP: 133/139 MP: 19/31
 48062 | Elf:2    | Found a runed gate.
 48062 | Elf:2    | Found a runed gate.
 48062 | Elf:2    | Found a runed gate.
 48098 | Elf:3    | Entered Level 3 of the Elven Halls
 48612 | Elf:3    | Found Zuirphem's Weapon Shop.
 49132 | Elf:3    | Found Ufoiliuw's Antique Armour Boutique.
 49285 | Elf:3    | Found Dajie's Distillery.
 49298 | Elf:3    | Bought a potion of cancellation for 112 gold pieces
 49624 | Elf:3    | Noticed a deep elf blademaster
 49649 | Elf:3    | Killed a deep elf blademaster
 50125 | Elf:3    | Cast into level 3 of the Abyss (a deep elf sorcerer)
 50183 | Abyss:3  | Noticed a bone dragon
 50339 | Abyss:3  | Slain by a small abomination

Vault maps used:
D:1:      dpeg_arrival_orchard, wad_floor_pattern_untrapped,
          hangedman_decor_points, minivault_4
D:3:      serial_corexii_hall, corexii_hall_statues_deadend,
          corexii_hall_statues_t, corexii_hall_statues_l,
          corexii_hall_statues_i, first_ration
D:4:      minmay_temple_entry_from_below_a, uniq_edmund, uniq_menkaure
D:5:      serial_shops, shop
D:6:      minitemple, basic_altar
D:8:      the_bakery
D:9:      kennysheep_little_box, erik_lair_dragon, orc_0_dummy,
          kennysheep_generic_room_12, uniq_grum
D:10:     gammafunk_ghost_arena, serial_shops, shop_fountains, uniq_maurice
D:11:     minmay_ambush_box, enter_trove_0, okawaru_ov_weapons_minmay
D:12:     portal_ice_cave_demonic_guard, grunt_qazlal_sundering
D:13:     david_vaults_4, serial_shops, shop, kennysheep_generic_room_7
D:14:     hangedman_abyss_or_decor_passed, basic_altar
D:15:     gammafunk_depths_entry_grave, minivault_24, minivault_28, uniq_louise
Lair:1:   serial_bayou_shore_b
Lair:2:   minmay_swamp_entry_swarm, st_stairs_7, serial_bayou_shore_a,
          uniq_sonja
Lair:3:   nicolae_spider_entry_non_spiders, basic_altar
Lair:6:   wormcave, guppyfry_lair_end_dragon, slime_altar_2, roderic_batcave,
          uniq_nessos
Swamp:1:  hangedman_swamp_pad
Swamp:2:  evilmike_swamp_ruin_house_1, swamp_pool5, uniq_donald, uniq_aizul
Swamp:3:  hangedman_swamp_cone, swamp_pool5, uniq_nikola
Swamp:4:  swamp
Spider:1: ebering_ghost_disaster_area
Spider:2: spider_trap, uniq_roxanne
Spider:4: grunt_spider_rune_circles, hangedman_spider_mandibles, spider_trap
Orc:1:    uniq_fannar
Orc:2:    grunt_orc_cross
Elf:1:    serial_shops, bzr_entry_gold, minmay_elf_sorcery
Elf:3:    elf_hall_gauntlet_narrow, serial_shops, shop, shop, shop,
          nooodl_food_tri
Abyss:3:  evilmike_abyss_exit_12
Bazaar:   bazaar_long_row
IceCv:    ice_cave_tombish

Skill      XL: |  1  2  3  4  5  6  7  8  9 10 11 12 13 14 15 16 17 18 |
---------------+-------------------------------------------------------+-----
Conjurations   | 2 4 5 6 7 8 9 10 | 10.6
Spellcasting   | 5 6 7 8 9 10 11 12 13 | 13.0
Invocations    | 1 2 3 5 6 7 8 9 10 11 12 13 | 13.1
Fighting       | 1 2 4 5 6 7 8 9 10 11 12 | 12.1
Short Blades   | 1 2 4 5 6 7 8 9 10 11 12 | 12.1
Long Blades    | 1 2 4 5 6 7 8 9 10 11 12 | 12.1
Axes           | 1 2 4 5 6 7 8 9 10 11 12 | 12.1
Maces & Flails | 1 2 4 5 6 7 8 9 10 11 12 | 12.1
Polearms       | 1 2 4 5 6 7 8 9 10 11 12 | 12.1
Staves         | 1 2 4 5 6 7 8 9 10 11 12 | 12.1
Slings         | 1 2 4 5 6 7 8 9 10 11 12 | 12.1
Bows           | 1 2 4 5 6 7 8 9 10 11 12 | 12.1
Crossbows      | 1 2 4 5 6 7 8 9 10 11 12 | 12.1
Throwing       | 1 2 4 5 6 7 8 9 10 11 12 | 12.1
Armour         | 1 2 4 5 6 0 |  0.0
Shields        | 1 2 4 5 6 7 8 9 10 11 12 | 12.1
Unarmed Combat | 1 2 4 5 6 7 8 9 10 11 12 | 12.1
Evocations     | 1 2 4 5 6 7 8 9 10 11 12 | 12.1
Hexes          | 1 2 3 4 5 6 7 8 9 10 | 10.4
Charms         | 1 2 3 4 5 6 7 8 9 10 | 10.4
Summonings     | 1 2 3 4 5 6 7 8 9 10 | 10.4
Necromancy     | 1 2 3 4 5 6 7 8 9 10 | 10.4
Translocations | 1 2 3 4 5 6 7 8 9 10 | 10.4
Transmutations | 1 2 3 4 5 6 7 8 9 10 | 10.4
Fire Magic     | 1 2 3 4 5 6 7 8 9 10 | 10.4
Air Magic      | 1 2 3 4 5 6 7 8 9 10 | 10.4
Earth Magic    | 1 2 3 4 5 6 7 8 9 10 | 10.4
Poison Magic   | 1 2 3 4 5 6 7 8 9 10 | 10.4
Dodging        | 5 6 7 8 9 10 11 12 | 12.9
Stealth        | 5 6 7 8 9 10 11 12 | 12.7
Ice Magic      | 6 7 8 9 10 11 | 11.6

Action                   |  1- 3 |  4- 6 |  7- 9 | 10-12 | 13-15 | 16-18 || total
-------------------------+-------+-------+-------+-------+-------+-------++-------
Melee: Dagger            |    48 |    57 |    15 |    40 |    84 |    62 ||   306
       Bite              |     6 |     5 |    35 |    31 |   170 |   180 ||   427
       War axe           |       |    25 |   302 |   244 |   351 |       ||   922
       Punch             |       |       |     6 |    13 |    58 |    72 ||   149
       Long sword        |       |       |       |       |   371 |       ||   371
       Demon trident     |       |       |       |       |   431 |  1221 ||  1652
       Scimitar          |       |       |       |       |    20 |       ||    20
 Fire: Arbalest          |       |       |       |       |    68 |   260 ||   328
 Cast: Freeze            |    24 |    38 |    15 |     5 |     2 |       ||    84
       Summon Ice Beast  |       |     9 |    36 |   104 |   171 |   117 ||   437
       Ozocubu's Armour  |       |       |       |     6 |    12 |    24 ||    42
       Animate Skeleton  |       |       |       |    26 |    88 |    31 ||   145
       Blink             |       |       |       |       |     1 |     1 ||     2
       Summon Lightning  |       |       |       |       |     7 |       ||     7
       Apportation       |       |       |       |       |     2 |    47 ||    49
       Deflect Missiles  |       |       |       |       |       |     2 ||     2
Invok: Sacrifice Experie |       |       |     1 |       |       |       ||     1
       Sacrifice Essence |       |       |       |     1 |     1 |       ||     2
       Sacrifice Durabil |       |       |       |     1 |       |       ||     1
       Apocalypse        |       |       |       |       |     5 |     1 ||     6
       Reject Sacrifices |       |       |       |       |     1 |     1 ||     2
       Draw Out Power    |       |       |       |       |       |     7 ||     7
 Abil: Evoke Invisibilit |       |       |       |       |     2 |       ||     2
       Evoke Ratskin     |       |       |       |       |     1 |       ||     1
Evoke: Wand              |       |       |       |    22 |    38 |    16 ||    76
  Use: Scroll            |       |     9 |     9 |    16 |    15 |    11 ||    60
       Potion            |       |       |     2 |     2 |     5 |     7 ||    16
 Stab: Sleeping          |    14 |     7 |    16 |    19 |    33 |    27 ||   116
       Distracted        |     1 |       |     2 |     7 |    20 |    32 ||    62
       Invisible         |       |       |     1 |     1 |    27 |    20 ||    49
       Paralysed         |       |       |       |    11 |     7 |     5 ||    23
       Petrifying        |       |       |       |       |     1 |       ||     1
  Eat: Chunk             |     2 |     9 |    15 |    23 |    41 |    27 ||   117
       Ration            |       |       |     2 |     3 |    10 |     7 ||    22
Armor: Robe              |     4 |    25 |   117 |    83 |       |       ||   229
       Steam dragon scal |       |       |       |     8 |     1 |       ||     9
       Leather armour    |       |       |       |       |   306 |   391 ||   697
Dodge: Dodged            |    34 |    79 |   331 |   282 |  1011 |  1176 ||  2913
       Deflected         |       |       |       |       |       |    24 ||    24
       Rpst.: Long sword |       |       |       |       |    66 |       ||    66
       Scimitar          |       |       |       |       |     3 |       ||     3

Table legend:
 A = Spawn XP
 B = Non-spawn XP
 C = Spawn XP percentage of total XP
 D = Spawn monster count
 E = Non-spawn monster count
 F = Spawn count percentage of total count
 G = Total turns spent on level
                    A         B        C        D         E        F      G
               +---------+---------+-------+---------+---------+-------+---------
         Total |    1309 |  295412 |   0.4 |       2 |    1111 |   0.2 | 50339
               +---------+---------+-------+---------+---------+-------+---------
           D:1 |       0 |      37 |   0.0 |       0 |      23 |   0.0 |  1120
           D:2 |       0 |     121 |   0.0 |       0 |      24 |   0.0 |  1224
           D:3 |       0 |      27 |   0.0 |       0 |      18 |   0.0 |   567
           D:4 |       0 |    1011 |   0.0 |       0 |      23 |   0.0 |  1404
           D:5 |       0 |     244 |   0.0 |       0 |      24 |   0.0 |  1064
           D:6 |       0 |     508 |   0.0 |       0 |      19 |   0.0 |   920
           D:7 |       0 |    1240 |   0.0 |       0 |      26 |   0.0 |  1243
           D:8 |       0 |     507 |   0.0 |       0 |       8 |   0.0 |   776
           D:9 |       0 |    3015 |   0.0 |       0 |      43 |   0.0 |  2756
          D:10 |       0 |    2352 |   0.0 |       0 |      21 |   0.0 |   719
          D:11 |       0 |    7375 |   0.0 |       0 |      44 |   0.0 |  1557
          D:12 |       0 |    9577 |   0.0 |       0 |      39 |   0.0 |  1590
          D:13 |       0 |    7598 |   0.0 |       0 |      36 |   0.0 |  1803
          D:14 |       0 |    5885 |   0.0 |       0 |      31 |   0.0 |  1150
          D:15 |       0 |   19272 |   0.0 |       0 |      50 |   0.0 |  3457
        Lair:1 |       0 |    2020 |   0.0 |       0 |      12 |   0.0 |   973
        Lair:2 |       0 |    3214 |   0.0 |       0 |      16 |   0.0 |  1033
        Lair:3 |       0 |    1832 |   0.0 |       0 |      17 |   0.0 |  1225
        Lair:4 |       0 |    1096 |   0.0 |       0 |       7 |   0.0 |   669
        Lair:5 |       0 |    1808 |   0.0 |       0 |       8 |   0.0 |   851
        Lair:6 |       0 |   15956 |   0.0 |       0 |      65 |   0.0 |  3109
       Swamp:1 |       0 |    8413 |   0.0 |       0 |      26 |   0.0 |  1682
       Swamp:2 |       0 |   16653 |   0.0 |       0 |      48 |   0.0 |  1309
       Swamp:3 |       0 |    9491 |   0.0 |       0 |      28 |   0.0 |   600
       Swamp:4 |       0 |   19825 |   0.0 |       0 |      43 |   0.0 |  1461
      Spider:1 |       0 |   14616 |   0.0 |       0 |      39 |   0.0 |  1508
      Spider:2 |       0 |    9279 |   0.0 |       0 |      27 |   0.0 |   518
      Spider:3 |       0 |   12298 |   0.0 |       0 |      29 |   0.0 |  1736
      Spider:4 |       0 |   27596 |   0.0 |       0 |      71 |   0.0 |  2367
         Orc:1 |       0 |    2824 |   0.0 |       0 |      27 |   0.0 |  1423
         Orc:2 |       0 |    8299 |   0.0 |       0 |      69 |   0.0 |  2064
         Elf:1 |       0 |   27324 |   0.0 |       0 |      50 |   0.0 |  1817
         Elf:2 |       0 |   17977 |   0.0 |       0 |      31 |   0.0 |   960
         Elf:3 |       0 |   27556 |   0.0 |       0 |      39 |   0.0 |  2001
       Abyss:3 |    1309 |    2843 |  31.5 |       2 |       5 |  28.6 |   214
         IceCv |       0 |    5723 |   0.0 |       0 |      25 |   0.0 |  1244
               +---------+---------+-------+---------+---------+-------+---------

Action                   |  1- 3 |  4- 6 |  7- 9 | 10-12 | 13-15 | 16-18 || total
-------------------------+-------+-------+-------+-------+-------+-------++-------
Melee: Dagger            |    48 |    57 |    15 |    40 |    84 |    62 ||   306
       Bite              |     6 |     5 |    35 |    31 |   170 |   180 ||   427
       War axe           |       |    25 |   302 |   244 |   351 |       ||   922
       Punch             |       |       |     6 |    13 |    58 |    72 ||   149
       Long sword        |       |       |       |       |   371 |       ||   371
       Demon trident     |       |       |       |       |   431 |  1221 ||  1652
       Scimitar          |       |       |       |       |    20 |       ||    20
 Fire: Arbalest          |       |       |       |       |    68 |   260 ||   328
 Cast: Freeze            |    24 |    38 |    15 |     5 |     2 |       ||    84
       Summon Ice Beast  |       |     9 |    36 |   104 |   171 |   117 ||   437
       Ozocubu's Armour  |       |       |       |     6 |    12 |    24 ||    42
       Animate Skeleton  |       |       |       |    26 |    88 |    31 ||   145
       Blink             |       |       |       |       |     1 |     1 ||     2
       Summon Lightning  |       |       |       |       |     7 |       ||     7
       Apportation       |       |       |       |       |     2 |    47 ||    49
       Deflect Missiles  |       |       |       |       |       |     2 ||     2
Invok: Sacrifice Experie |       |       |     1 |       |       |       ||     1
       Sacrifice Essence |       |       |       |     1 |     1 |       ||     2
       Sacrifice Durabil |       |       |       |     1 |       |       ||     1
       Apocalypse        |       |       |       |       |     5 |     1 ||     6
       Reject Sacrifices |       |       |       |       |     1 |     1 ||     2
       Draw Out Power    |       |       |       |       |       |     7 ||     7
 Abil: Evoke Invisibilit |       |       |       |       |     2 |       ||     2
       Evoke Ratskin     |       |       |       |       |     1 |       ||     1
Evoke: Wand              |       |       |       |    22 |    38 |    16 ||    76
  Use: Scroll            |       |     9 |     9 |    16 |    15 |    11 ||    60
       Potion            |       |       |     2 |     2 |     5 |     7 ||    16
 Stab: Sleeping          |    14 |     7 |    16 |    19 |    33 |    27 ||   116
       Distracted        |     1 |       |     2 |     7 |    20 |    32 ||    62
       Invisible         |       |       |     1 |     1 |    27 |    20 ||    49
       Paralysed         |       |       |       |    11 |     7 |     5 ||    23
       Petrifying        |       |       |       |       |     1 |       ||     1
  Eat: Chunk             |     2 |     9 |    15 |    23 |    41 |    27 ||   117
       Ration            |       |       |     2 |     3 |    10 |     7 ||    22
Armor: Robe              |     4 |    25 |   117 |    83 |       |       ||   229
       Steam dragon scal |       |       |       |     8 |     1 |       ||     9
       Leather armour    |       |       |       |       |   306 |   391 ||   697
Dodge: Dodged            |    34 |    79 |   331 |   282 |  1011 |  1176 ||  2913
       Deflected         |       |       |       |       |       |    24 ||    24
       Rpst.: Long sword |       |       |       |       |    66 |       ||    66
       Scimitar          |       |       |       |       |     3 |       ||     3
